 Seeded DCSS version 0.29-a0-1027-gcd8c55af63 (webtiles) character file.

Game seed: 20220813 (custom seed)

53 purpskrrrp the Poker (level 3, -3/28 HPs)
             Began as a Merfolk Gladiator on Aug 12, 2022.
             Slain by a gnoll
             ... wielding a +3 vampiric spear
              (5 damage)
             ... on level 2 of the Dungeon.
             The game lasted 00:04:14 (1934 turns).

purpskrrrp the Poker (Merfolk Gladiator)            Turns: 1934, Time: 00:04:14

Health: -3/28      AC:  4    Str: 16    XL:     3   Next: 89%
Magic:  3/3        EV: 13    Int: 13    God:
Gold:   117        SH:  5    Dex: 15    Spells: 2/2 levels left

rFire   . . .      SeeInvis .   a - +0 trident
rCold   . . .      Faith    .   (no shield)
rNeg    . . .      Spirit   .   b - +0 leather armour
rPois   .          Reflect  +   i - +0 helmet
rElec   .          Harm     .   (no cloak)
rCorr   .          Rampage  .   (no gloves)
Will    .....                   (no boots)
Stlth   +.........              q - amulet of reflection
HPRegen 0.09/turn               r - +6 ring of intelligence
MPRegen 0.08/turn               (no ring)

@: flying
A: (nimble swimmer 2), mertail
a: no special abilities


You were on level 2 of the Dungeon.
You visited 1 branch of the dungeon, and saw 2 of its levels.

You collected 117 gold pieces.

Inventory:

Hand Weapons
 a - a +0 trident (weapon)
Missiles
 d - a throwing net (quivered)
 e - a javelin
Armour
 b - a +0 leather armour (worn)
 c - a +0 helmet
 i - a +0 helmet (worn)
Jewellery
 q - an amulet of reflection (around neck)
 r - a +6 ring of intelligence (left hand)
Wands
 n - a wand of polymorph (4)
Scrolls
 f - a scroll of identify {unknown}
 j - a scroll of blinking {unknown}
 k - a scroll of noise {unknown}
 l - 2 scrolls of teleportation {unknown}
 m - a scroll of brand weapon {unknown}
 o - a scroll of fear {unknown}
 p - a scroll of immolation {unknown}
 u - 2 scrolls of vulnerability {unknown}
Potions
 h - a potion of degeneration {unknown}
 s - 2 potions of curing {unknown}
 t - a potion of heal wounds {unknown}
 v - a potion of cancellation {unknown}


   Skills:
 + Level 2.9 Fighting
 * Level 5.2 Polearms
 - Level 2.0 Throwing
 + Level 4.6 Dodging


You had 2 spell levels left.
You didn't know any spells.
Your spell library contained the following spells:

 Spells                   Type           Power      Damage    Failure   Level
 Magic Dart               Conj           0%         1d3       36%         1
 Call Imp                 Summ           0%         N/A       50%         2
 Mephitic Cloud           Conj/Pois/Air  0%         N/A       75%         3
 Alistair's Intoxication  Tmut/Pois      0%         N/A       100%        5
 Borgnjor's Vile Clutch   Necr/Erth      0%         N/A       100%        5
 Eringya's Noxious Bog    Tmut/Pois      0%         N/A       100%        6


Dungeon Overview and Level Annotations

Branches:
Dungeon (2/15)

Altars:


Innate Abilities, Weirdness & Mutations

((You are very nimble when in or above water. (Stealth+, EV+, Speed+++)))
Your lower body shifts to a powerful aquatic tail in water.


Message History

The gnoll hits you from afar with a +3 vampiric spear.
The gnoll misses you.
You barely miss the gnoll.
The gnoll is heavily wounded.
The gnoll hits you from afar with a +3 vampiric spear.
The gnoll hits you with a +0 whip.
You are too injured to fight recklessly!
You are too injured to fight recklessly!
You are too injured to fight recklessly!
You are too injured to fight recklessly!
You are too injured to fight recklessly!
You are too injured to fight recklessly!
You are too injured to fight recklessly!
You are too injured to fight recklessly!
You are too injured to fight recklessly!
You are too injured to fight recklessly!
You are too injured to fight recklessly!
You are too injured to fight recklessly!
You are too injured to fight recklessly!
You are too injured to fight recklessly!
You are too injured to fight recklessly!
You are too injured to fight recklessly!
You are too injured to fight recklessly!
You are too injured to fight recklessly!
Reach: a) +0 trident
Press: ? - help, Dir - move target, f - gnoll
Aim: a gnoll, wielding a +3 vampiric spear (about 36% to evade your +0 trident)
You reach to attack!
You hit the gnoll.
The gnoll is moderately wounded.
The gnoll hits you from afar with a +3 vampiric spear!
* * * LOW HITPOINT WARNING * * *
The gnoll misses you.
Throw: 2 throwing nets
Press: ? - help, Q - select action, (/) - cycle Shift-Dir - straight line, f/p - gnoll
Aim: a gnoll, wielding a +3 vampiric spear (moderately wounded, 64% to hit)
You throw a throwing net. The throwing net hits the gnoll.
The gnoll is caught in the net!
The gnoll is heavily wounded.
The gnoll hits you from afar with a +3 vampiric spear.
You die...

#.....########### #
#.....# # #.....# #
#.....# # #.....#
### # ###'#######
.... # #.# #...#
..... #
#.###...######..?...
#...'...'@gg.'?.....
#####...######......
#...# g.... #...#
.... #...# ... #####
.. #


You could see 2 gnolls.

Vanquished Creatures
  2 gnolls (D:2)
  7 endoplasms (D:1)
  2 goblins (D:1)
  2 hobgoblins (D:1)
  3 jackals (D:2)
  3 quokkas
  4 ball pythons
  2 bats
  A frilled lizard (D:2)
  2 kobolds
  3 rats
31 creatures vanquished.

Notes
Turn   | Place    | Note
-------+----------+-------------------------------------------
     0 | D:1      | purpskrrrp the Merfolk Gladiator began the quest for the
                  | Orb.
     0 | D:1      | Reached XP level 1. HP: 16/16 MP: 1/1
     6 | D:1      | Noticed a polar bear
     6 | D:1      | Noticed a salamander
     7 | D:1      | Noticed a rime drake
    78 | D:1      | Reached XP level 2. HP: 4/23 MP: 2/2
   881 | D:1      | Reached XP level 3. HP: 21/28 MP: 3/3
  1779 | D:2      | Reached skill level 5 in Polearms
  1934 | D:2      | Slain by a gnoll

Illustrated notes

Levels and vault maps discovered:
D:1:      onia_arrival_zoo_common, layout_basic
D:2:      layout_basic

Skill      XL: |  1  2  3 |
---------------+----------+-----
Polearms       | 5 |  5.2
Fighting       | |  2.9
Throwing       | |  2.0
Dodging        | |  4.6

Action                   || total
-------------------------++-------
Melee: Trident           ||    96
Throw: Throwing net      ||     2
  Use: Potion            ||     1
 Stab: Sleeping          ||     5
Armor: Leather armour    ||    12
Dodge: Dodged            ||    48
Block: Other             ||     1

Table legend: (Time is in decaauts)
 A = Elapsed time spent in this place.
 B = Non-inter-level travel time spent in this place.
 C = Inter-level travel time spent in this place.
 D = Time resting spent in this place.
 E = Time spent auto-exploring this place.
 F = Levels seen in this place.
 G = Mean time per level.
                   A        B        C        D        E       F      G
               +--------+--------+--------+--------+--------+-----+--------+
         Total |   1939 |   1877 |     62 |    266 |   1242 |   2 |  969.5 |
       Dungeon |   1939 |   1877 |     62 |    266 |   1242 |   2 |  969.5 |
               +--------+--------+--------+--------+--------+-----+--------+

Top non-repeatable levels by time:
     D:1: 1105 daAuts
     D:2: 833 daAuts
